 Dungeon Crawl Stone Soup version 0.27.1-4-g1640c2035a (webtiles) character file.

Game seed: 2562032979263311264

48 Findor the Firebug (level 3, 0/21 HPs)
             Began as an Octopode Fire Elementalist on Nov 17, 2021.
             Slain by Terence (2 damage)
             ... on level 2 of the Dungeon.
             The game lasted 00:03:13 (2314 turns).

Findor the Firebug (Octopode Fire Elementalist)     Turns: 2314, Time: 00:03:13

Health: 0/21       AC:  1    Str:  7    XL:     3   Next: 72%
Magic:  1/6        EV: 13    Int: 18    God:
Gold:   126        SH:  0    Dex: 12    Spells: 5/6 levels left

rFire    + . .     SeeInvis .   b - staff of poison
rCold    + . .     Faith    .   (no shield)
rNeg     . . .     Spirit   .   (helmet restricted)
rPois    +         Reflect  .   (no amulet)
rElec    +         Harm     .   (no ring)
rCorr    +         Rampage  .   (no ring)
Will     .....                  (no ring)
Stlth    +++.......             (no ring)
HPRegen  0.07/turn              (no ring)
MPRegen  0.10/turn              (no ring)
                                (no ring)
                                (no ring)

@: resistant
A: almost no armour, amphibious, 8 rings, camouflage 1, gelatinous body 1,
(nimble swimmer 1), tentacles
a: no special abilities


You were on level 2 of the Dungeon.
You visited 1 branch of the dungeon, and saw 2 of its levels.

You collected 126 gold pieces.


Innate Abilities, Weirdness & Mutations

You cannot wear most types of armour.
You are amphibious.
You can wear up to eight rings at the same time.
Your skin changes colour to match your surroundings (Stealth+).
Your rubbery body absorbs attacks. (AC +1, EV +1)
((You are camouflaged near water. (Stealth+)))
You have tentacles for arms and can constrict up to eight enemies at once.


   Skills:
 - Level 2.0 Dodging
 - Level 2.6 Stealth
 + Level 2.4 Spellcasting
 + Level 1.8 Conjurations
 * Level 3.9 Fire Magic


You had 5 spell levels left.
You knew the following spells:

 Your Spells              Type           Power      Damage    Failure   Level
a - Foxfire               Conj/Fire      48%        2x1d6     5%          1

Your spell library contained the following spells:

 Spells                   Type           Power      Damage    Failure   Level
 Conjure Flame            Conj/Fire      12%        6-21      16%         3
 Inner Flame              Hex/Fire       9%         N/A       24%         3
 Portal Projectile        Hex/Tloc       4%         N/A       45%         3
 Sticky Flame             Conj/Fire      12%        2d4       45%         4
 Fireball                 Conj/Fire      6%         3d5       82%         5
 Blade Hands              Tmut           1%         N/A       99%         5
 Excruciating Wounds      Necr           1%         N/A       99%         5

Inventory:

Hand Weapons
 a - a +0 dagger
   (You took it off a kobold on level 1 of the Dungeon)
Missiles
 d - 3 javelins
Magical Staves
 b - a staff of poison (weapon)
   (You found it on level 1 of the Dungeon)


Message History

Things that are here:
a +0 club; a +0 ring mail
Found a smoky red potion.
A giant cockroach comes into view.
You see here a smoky red potion.
A giant cockroach is nearby!
Found 2 amethyst potions.
Casting: Foxfire (safe; 5% risk of failure)
You conjure some foxfire!
The foxfire hits the giant cockroach.
A giant cockroach is nearby!
Casting: Foxfire (safe; 5% risk of failure)
You conjure some foxfire!
The foxfire hits the giant cockroach.
You kill the giant cockroach!
Terence the Incautious comes into view.
He is wielding a +0 hand axe and wearing a +3 scale mail of cold resistance.
Casting: Foxfire (safe; 5% risk of failure)
You conjure some foxfire!
The foxfire hits Terence but does no damage. x2
Casting: Foxfire (safe; 5% risk of failure)
You conjure some foxfire!
The foxfire hits Terence but does no damage. x2
The foxfire hits Terence but does no damage. x2
Unknown command.
Casting: Foxfire (safe; 5% risk of failure)
You conjure some foxfire!
The foxfire hits Terence.
The foxfire hits Terence but does no damage.
Terence hits you with a +0 hand axe.
You hit Terence but do no damage. You grab Terence.
You constrict Terence, but do no damage.
Terence looks scornfully at you. Terence hits you with a +0 hand axe.
Casting: Foxfire (safe; 5% risk of failure)
You conjure some foxfire!
You constrict Terence, but do no damage.
Terence hits you with a +0 hand axe.
* * * LOW HITPOINT WARNING * * *
You constrict Terence, but do no damage.
The foxfire hits Terence but does no damage. x2
Terence closely misses you.
It was a potion of resistance.
You feel protected.
You constrict Terence. Terence hits you with a +0 hand axe.
* * * LOW HITPOINT WARNING * * *
As you read the scroll labelled JOEPAEBBIU, it crumbles to dust.
The creatures around you are filled with an inner flame!
It was a scroll of immolation.
You constrict Terence.
Flame seeps out of Terence.
Terence is engulfed in blazing flames.
Flame seeps out of Terence.
Terence hits you with a +0 hand axe.
You die...

...... ....... #.....##.......
#.....#........ #.....#......#
#............####.......
#......................
#.!..@.................
#@................
.........#!.....#..........
#.......)....#......#..........
#............#.................
#............###...............
#............# #......#........
#............# #..............#
#............# #..............#
#............# #).............#


You could see Terence (inner flame).

Vanquished Creatures
  An adder (D:2)
  A worm (D:2)
  A dart slug (D:1)
  5 bats (D:1)
  3 endoplasms
  3 giant cockroaches (D:2)
  3 goblins (D:2)
  2 hobgoblins
  2 kobolds
  A quokka (D:2)
  5 ball pythons
  3 frilled lizards
  3 rats
33 creatures vanquished.

Vanquished Creatures (others)
  96 foxfires
96 creatures vanquished.

Grand Total: 129 creatures vanquished

Notes
Turn   | Place    | Note
-------+----------+-------------------------------------------
     0 | D:1      | Findor the Octopode Fire Elementalist began the quest for
                  | the Orb.
     0 | D:1      | Reached XP level 1. HP: 11/11 MP: 3/3
   733 | D:1      | Reached XP level 2. HP: 15/17 MP: 0/5
  1397 | D:1      | Found a faded altar of an unknown god.
  1657 | D:2      | Reached XP level 3. HP: 21/21 MP: 1/6
  2302 | D:2      | Noticed Terence
  2313 | D:2      | HP: 1/21 [Terence (6)]
  2314 | D:2      | Slain by Terence

Levels and vault maps discovered:
D:1:      dpeg_arrival_connections, layout_loops_corners,
          shapermc_ecumenical_altar_hornbeckon
D:2:      layout_basic, corner_web_ring, kennysheep_generic_room_13,
          uniq_terence

Action                   || total
-------------------------++-------
Melee: Unarmed           ||     8
       Constrict         ||     4
       Staff             ||     6
 Cast: Foxfire           ||    53
  Use: Scroll            ||     2
       Potion            ||     2
 Stab: Sleeping          ||     1
Armor: Skin              ||     3
Dodge: Dodged            ||    23
